 Dungeon Crawl Stone Soup version 0.24.0-37-gcf1ca852f1 (webtiles) character file.

Game seed: 16385521016439975042, levelgen mode: deterministic

147 Nivaska the Grave Robber (level 5, 0/37 HPs)
             Began as a Mummy Necromancer on Nov 24, 2019.
             Splashed by Pikel's acid (10 damage)
             ... on level 4 of the Dungeon.
             The game lasted 00:25:17 (3655 turns).

Nivaska the Grave Robber (Mummy Necromancer)        Turns: 3655, Time: 00:25:20

Health: 0/37       AC:  3    Str: 12    XL:     5   Next: 7%
Magic:  6/11       EV: 11    Int: 15    God:
Gold:   102        SH:  0    Dex: 12    Spells: 4/12 levels left

rFire    x . .     SeeInvis .   d - +0 hand axe
rCold    + . .     Gourm    .   (no shield)
rNeg     + + +     Faith    .   c - +0 leather armour
rPois    ∞         Spirit   .   (no helmet)
rElec    .         Reflect  .   (no cloak)
rCorr    .         Harm     .   (no gloves)
MR       .....                  (no boots)
Stlth    +.........             (no amulet)
HPRegen  0.12/turn              (no ring)
MPRegen  0.12/turn              (no ring)

@: no status effects
A: no food or potions, fire vulnerability, cold resistance 1, negative energy
resistance 3, torment resistance, unbreathing
a: no special abilities


You were on level 4 of the Dungeon.
You were not hungry.

You visited 1 branch of the dungeon, and saw 4 of its levels.

You collected 102 gold pieces.

Inventory:

Hand Weapons
 d - a +0 hand axe (weapon)
Missiles
 a - 7 javelins (quivered)
 i - 47 arrows
Armour
 c - a +0 leather armour (worn)
 j - a +0 scale mail
Scrolls
 b - 3 scrolls of identify {unknown}
 e - 4 scrolls of remove curse {unknown}
 f - a scroll of immolation {unknown}
 g - a scroll of random uselessness {unknown}
 h - 2 scrolls of teleportation {unknown}
 k - a scroll of amnesia {unknown}


   Skills:
 * Level 1.5 Fighting
 - Level 0.2 Axes
 + Level 1.2 Armour
 - Level 1.6 Dodging
 - Level 1.5 Stealth
 + Level 4.0 Spellcasting
 + Level 5.1 Necromancy


You had 4 spell levels left.
You knew the following spells:

 Your Spells              Type           Power        Failure   Level  Hunger
a - Pain                  Necr           ###.         2%          1    N/A
b - Vampiric Draining     Necr           ###.......   9%          3    N/A
c - Animate Dead          Necr           N/A          28%         4    N/A

Your spell library contained the following spells:

 Spells                   Type           Power        Failure   Level  Hunger
 Animate Skeleton         Necr           N/A          2%          1    N/A
 Regeneration             Chrm/Necr      Unusable     N/A         3    N/A

Dungeon Overview and Level Annotations

Branches:
Dungeon (4/15)
 Temple: D:4-7

Altars:
Trog

Annotations:
D:4 Pikel


Innate Abilities, Weirdness & Mutations

You do not eat or drink.
Your flesh is vulnerable to fire.
You are immune to poison.
Your flesh is cold resistant. (rC+)
You are immune to negative energy. (rN+++)
You are immune to unholy pain and torment.
You can survive without breathing.


Message History

Pikel barely resists.
Pikel hits you with a +2 whip of freezing.
Pikel freezes you.
Casting: Pain (safe; 2% risk of failure)
Confirm with . or Enter, or press ? or * to list all spells.
Aiming: Vampiric Draining (safe; 9% risk of failure)
Press: ? - help, Shift-Dir - straight line, f/p - Pikel
Aim: Pikel, wielding a +2 whip of freezing, wearing a +0 robe and carrying a wand of acid (11) (lightly wounded) Pikel is moderately wounded.
You feel life coursing into your body. Pikel hits you but does no damage.
You completely miss Pikel.
Pikel is moderately wounded.
Pikel hits you but does no damage.
You barely miss Pikel.
Pikel is moderately wounded.
Pikel zaps a wand.
The bolt of acid hits you!!
Ouch! That really hurt!
* * * LOW HITPOINT WARNING * * *
You are splashed with acid!
You die...

#.##..##
#.##...######
######.# #........
K......###....#######
#.#...K....>..#.....#
#.######.#..#.#.#(#
#........#..#.#.#<#
#..#........###.###
.. #.######ppK@.# ##
# #######


You could see Pikel and 2 slaves.

Vanquished Creatures
  A bullfrog skeleton (D:4)
  A worker ant (D:3)
  5 adders
  A dart slug (D:2)
  2 leopard geckos (D:3)
  3 orcs
  5 bats
  A giant cockroach (D:2)
  9 goblins
  4 hobgoblins
  A quokka (D:3)
  2 frilled lizards (D:1)
  5 kobolds
  5 rats
45 creatures vanquished.

Notes
Turn   | Place    | Note
-------+----------+-------------------------------------------
     0 | D:1      | Nivaska the Mummy Necromancer began the quest for the Orb.
     0 | D:1      | Reached XP level 1. HP: 13/13 MP: 4/4
   770 | D:1      | Reached XP level 2. HP: 17/19 MP: 4/6
  1449 | D:2      | Found a bloodstained altar of Trog.
  1470 | D:2      | Reached XP level 3. HP: 21/25 MP: 2/7
  1658 | D:2      | Learned a level 3 spell: Vampiric Draining
  2137 | D:3      | Reached skill level 1 in Fighting
  2314 | D:3      | Reached XP level 4. HP: 20/32 MP: 0/9
  2602 | D:3      | Learned a level 4 spell: Animate Dead
  2641 | D:3      | Reached skill level 1 in Armour
  3521 | D:4      | Reached skill level 5 in Necromancy
  3521 | D:4      | Reached XP level 5. HP: 26/37 MP: 9/11
  3627 | D:4      | Noticed a slave
  3628 | D:4      | Noticed Pikel
  3629 | D:4      | Noticed a slave
  3655 | D:4      | Splashed by Pikel's acid

Levels and vault maps discovered:
D:1:      dpeg_arrival_arbitrary_c, layout_basic, minmay_misc_feat_five
D:2:      layout_loops_corners, bloody_trog, chequers_serial_rivers_small_a,
          kennysheep_generic_room_6
D:3:      layout_rooms, minmay_misc_feat_columns
D:4:      layout_basic, lemuel_coloured_pillars_altar, minmay_mini_ossuary,
          uniq_pikel, uniq_menkaure, uniq_ijyb

Skill      XL: |  1  2  3  4 |
---------------+-------------+-----
Spellcasting   | 3 4 |  4.0
Fighting       | 1 |  1.5
Armour         | 1 |  1.2
Necromancy     | 5 |  5.1
Axes           | |  0.2
Dodging        | |  1.6
Stealth        | |  1.5

Action                   |  1- 3 |  4- 6 || total
-------------------------+-------+-------++-------
Melee: Hand axe          |    42 |    74 ||   116
       Unarmed           |     2 |       ||     2
Throw: Stone             |       |     6 ||     6
 Cast: Pain              |    35 |    11 ||    46
       Vampiric Draining |       |     4 ||     4
Armor: Leather armour    |    27 |    23 ||    50
Dodge: Dodged            |    42 |    49 ||    91
